 Dungeon Crawl Stone Soup version 0.31-a0-164-g2312942fda (webtiles) character file.

Game seed: 12387104223070393569

120157 qw the Marksnaga (level 16, -20/156 HPs)
             Began as a Naga Hunter on June 13, 2023.
             Was an Elder of Okawaru.
             Killed from afar by a merfolk aquamancer (31 damage)
             ... with a shard of ice
             ... on level 2 of the Shoals.
             The game lasted 00:09:42 (19824 turns).

qw the Marksnaga (Naga Hunter)                     Turns: 19824, Time: 00:09:43

Health: -20/156    AC: 29    Str: 16    XL:     16   Next: 81%
Magic:  4/7        EV: 22    Int: 15    God:    Okawaru [****..]
Gold:   1533       SH:  0    Dex: 28    Spells: 15/15 levels left

rFire   . . .        d - +8 triple crossbow "Totimeco" {antimagic, rC+ Will- Str+2 Int+3}
rCold   + . .        (shield currently unavailable)
rNeg    . . .        s - +1 robe of Vines {NoPotionHeal Regen++++}
rPois   +            o - +2 helmet
rElec   +            j - +1 cloak
rCorr   .            g - +3 pair of gloves of Camuv {rPois Will- Regen+ Int+2}
SInv    +            u - +1 barding
Will    .....        m - amulet of faith
Stlth   ++           t - +6 ring of dexterity
HPRegen 4.46/turn    n - ring "Casiorow" {rElec AC+4}
MPRegen 0.10/turn

%: faith
@: lit by a corona, weak-willed, heroic, engulfed (cannot breathe), glowing,
very slow
A: AC +5, large, see invisible, deformed body, poison resistance, slowness 2,
spit poison 1, naga tail 2
a: Spit Poison, Renounce Religion, Heroism, Finesse


You were on level 2 of the Shoals.
You worshipped Okawaru.
Okawaru was greatly pleased with you.
You visited 5 branches of the dungeon, and saw 25 of its levels.
You also visited: Ossuary.

You collected 2924 gold pieces.
You spent 1391 gold pieces at shops.


Innate Abilities, Weirdness & Mutations

Your serpentine skin is tough. (AC +5)
You have supernaturally acute eyesight. (SInv)
Armour fits poorly on your strangely shaped body.
Your system is resistant to poisons. (rPois)
You cover ground very slowly.
You can spit poison.
You can use your snake-like lower body to constrict enemies.


   Skills:
 - Level 13.0(18.0) Fighting
 + Level 19.9(24.9) Ranged Weapons
 - Level 6.0(11.0) Armour
 - Level 10.0(15.0) Dodging
 - Level 1.5(6.5) Stealth
 - Level 10.1 Invocations


You had 15 spell levels left.
You didn't know any spells.
Your spell library was empty.

Inventory:

Hand Weapons
 d - the +8 triple crossbow "Totimeco" (weapon) {antimagic, rC+ Will- Str+2 Int+3}
   (Okawaru gifted it to you on level 5 of the Lair of Beasts)

   Str:       It affects your strength (+2).
   Int:       It affects your intelligence (+3).
   rC:        It protects you from cold.
   Will:      It decreases your willpower.
 v - a +1 longbow of flaming
Armour
 g - the +3 pair of gloves of Camuv (worn) {rPois Will- Regen+ Int+2}
   (You found it on level 4 of the Dungeon)

   Int:       It affects your intelligence (+2).
   rPois:     It protects you from poison.
   Regen:     It increases your rate of health regeneration.
   Will:      It decreases your willpower.
 j - a +1 cloak (worn)
 o - a +2 helmet (worn)
 s - the +1 robe of Vines (worn) {NoPotionHeal Regen++++}
   (You found it on level 3 of the Lair of Beasts)

   NoPotionHeal: Its wearer cannot be healed by potions.
   Regen:     It increases your rate of health regeneration.
 u - a +1 barding (worn)
 x - the scarf "Wom Qeub" {repulsion, -Tele rC+++ rN+ Slay+2}
   (You found it on level 13 of the Dungeon)

   Slay:      It affects your accuracy & damage with ranged weapons and melee
   (+2).
   rC:        It renders you almost immune to cold.
   rN:        It protects you from negative energy.
   -Tele:     It prevents most forms of teleportation.
Jewellery
 e - an amulet of regeneration
 m - an amulet of faith (around neck)
 n - the ring "Casiorow" (right hand) {rElec AC+4}
   (You found it on level 2 of the Dungeon)

   [ring of protection]

   AC:        It affects your AC (+4).
   rElec:     It insulates you from electricity.
 p - a +5 ring of evasion
 t - a +6 ring of dexterity (left hand)
 w - the ring of the Howling Ancients {rF+ Will+ MP+9}
   (You bought it in a shop on level 2 of the Orcish Mines)

   [ring of magical power]

   rF:        It protects you from fire.
   MP:        It affects your magic capacity (+9).
   Will:      It increases your willpower.
Wands
 q - a wand of digging (2)
Scrolls
 a - 18 scrolls of identify
 i - 5 scrolls of teleportation
Potions
 b - 13 potions of curing
 c - 2 potions of heal wounds
 f - 2 potions of magic
 h - 8 potions of mutation
 k - a potion of resistance
 l - 3 potions of might
 r - 3 potions of haste

Dungeon Overview and Level Annotations

Branches:
Dungeon (15/15)            Temple (1/1) D:7            Lair (5/5) D:11
 Shoals (2/4) Lair:3        Snake (0/4) Lair:3        Slime (0/5) Lair:4
    Orc (2/2) D:9             Elf (0/3) Orc:2        Vaults (0/5) D:13
 Depths (0/4) D:15        Ossuary (visited)

Altars:
Ashenzari
Cheibriados
Dithmenos
Elyvilon
Fedhas
Gozag
Hepliaklqana
Kikubaaqudgha
Makhleb
Nemelex Xobeh
Okawaru
Qazlal
Ru
Sif Muna
Trog
Uskayaw
Vehumet
Wu Jian
Xom
Yredelemnul
Zin
The Shining One
Jiyva

Shops:
D:5 (   D:7 [   D:9 *   D:10 **   D:13 [   Orc:2 (?!*(   Shoals:1 (

Annotations:
D:3 1 runed translucent door, qw's ghost, amateur NaHu
D:10 2 transporters, qw's ghost, novice GrFi
D:12 2 transporters, Qesois's ghost, journeyman GnNe
D:14 3 runed translucent doors, Uqorphet's ghost, journeyman DECj


Message History

The water elemental closely misses you. The faun completely misses you.
The water elemental hits you.
The merfolk aquamancer hits you but does no damage.
The merfolk impaler barely misses you.
The death yak gores you but does no damage.
The faun misses you. The merfolk completely misses you.
The merfolk impaler hits you but does no damage.
The faun misses you. The water elemental closely misses you.
The water elemental hits you!
You shoot a bolt. The bolt hits the death yak.
The death yak is lightly wounded.
Your lungs strain for air!
The wind drake barely misses you.
The merfolk aquamancer hits you with a +2 rapier of venom.
A water elemental comes into view.
The merfolk impaler misses you. The death yak closely misses you.
The faun hits you with a +1 antimagic spear.
You feel your power leaking away. The merfolk closely misses you.
The faun completely misses you. The water elemental hits you.
The water elemental misses you.
You shoot a bolt. The bolt hits the death yak!
The death yak is moderately wounded.
Your lungs strain for air!
The wind drake exhales a fierce blast of wind!
The faun is knocked back by the gust of wind. x2
The faun slams into the rock wall!
The faun is moderately wounded.
The water elemental is knocked back by the gust of wind.
The water elemental collides with the faun!
The faun is lightly wounded.
The water elemental is moderately damaged.
You are knocked back by the gust of wind.
You collide with the faun!
The faun is severely wounded.
Splash!
The merfolk impaler hits you from afar with a +0 trident of flaming.
The merfolk impaler burns you.
The merfolk aquamancer gestures at you while chanting.
The shard of ice hits you!! You partially resist.
You die...

~~~~~~~ ~~~~~~~
~~~~~~. #.##
E~~~~c. ...#
....~E. .....
.......## #.....
.~~~..Ec###.....
......E@~.#.....
..#..EmkYmm#
.##.EmE...#
......[...###...
>.....##(........
#.......<......~~
#...~~~....~~....
..PPP............
.PP.....~..###.~


You could see a merfolk impaler, a death yak, 2 merfolk aquamancers, a wind
drake (repels missiles, catching breath), a merfolk, 2 fauns and 7 water
elementals.

Vanquished Creatures
  Rupert (D:14)
  Polyphemus (Shoals:2)
  Kirke (D:15)
  Louise (D:15)
  Nessos (D:13)
  Azrael (Orc:2)
  A merfolk impaler (Shoals:1)
  A merfolk javelineer (Shoals:1)
  Josephine (Orc:2)
  A rakshasa (D:13)
  2 ice dragons (D:15)
  7 hydras
  An ogre mage (D:13)
  3 catoblepae
  10 centaur warriors
  A boulder beetle (Lair:3)
  A tengu warrior (D:15)
  4 two-headed ogres
  A death knight (D:13)
  13 death yaks
  An orc high priest (Orc:1)
  Urug (D:10)
  Nergalle (D:11)
  A goliath frog (Lair:5)
  2 skysharks
  2 skeletal warriors
  2 sea snakes (Shoals:1)
  3 wizards
  5 deep elf pyromancers
  14 harpies (Shoals:1)
  An oklob plant (Lair:3)
  6 deep elf zephyrmancers (D:13)
  2 orc sorcerers
  A wolf spider (D:13)
  2 cyclopes (D:13)
  12 orc knights
  An ugly thing (D:9)
  9 fauns
  A salamander (Lair:3)
  5 manticores
  2 merfolk sirens (Shoals:1)
  5 black mambas
  An elephant (shapeshifter) (D:14)
  A water nymph (Shoals:1)
  A torpor snail (Lair:1)
  5 rime drakes
  2 gargoyles
  18 cane toads
  2 unseen horrors (D:11)
  A kobold demonologist (D:12)
  11 komodo dragons
  2 yaktaurs
  2 tengu conjurers
  4 trolls
  5 polar bears
  A hornet (D:6)
  2 merfolk (Shoals:1)
  A wolf spider simulacrum (D:13)
  A tyrant leech (Lair:5)
  4 snapping turtles (Shoals:1)
  A wind drake (Shoals:1)
  22 blink frogs
  11 dream sheep
  4 slime creatures (D:12)
  2 shadows
  A wyvern (D:10)
  A vampire (D:11)
  4 water elementals (D:10)
  71 yaks
  5 basilisks
  4 fire elementals (Orc:2)
  10 wraiths
  17 humans
  5 vampire mosquitoes (Lair:5)
  3 steam dragons
  2 hogs (D:15)
  2 redbacks (D:15)
  6 wargs
  4 acid dragons
  11 water moccasins
  An ice beast (D:7)
  A swamp drake (D:9)
  42 orc warriors
  A sky beast (D:7)
  3 black bears
  11 centaurs
  19 wolves
  4 ogres
  Blork the orc (D:6)
  3 kobold brigands
  13 bullfrogs
  3 gnoll sergeants
  6 scorpions
  A wight (D:7)
  6 howler monkeys
  4 electric eels
  3 lava snakes (Lair:3)
  7 orc priests
  8 hounds
  3 gnoll boudas
  2 sleepcaps
  4 iguanas
  16 orc wizards
  A mummy (Ossuary)
  5 adders
  22 gnolls
  2 shadow imps
  2 white imps
  3 ufetubi
  2 dart slugs
  76 orcs
  7 endoplasms
  A giant cockroach (D:1)
  5 gnoll skeletons (Ossuary)
  3 goblins
  5 hobgoblins
  9 jackals
  17 kobolds
  A quokka (D:1)
  7 ball pythons
  6 bats
  2 frilled lizards
  A goblin zombie (D:6)
  3 kobold skeletons (Ossuary)
  17 orc skeletons (Ossuary)
  A quokka zombie (D:6)
  4 rats
  A spectral orc (D:3)
747 creatures vanquished.

Vanquished Creatures (others)
  An ogre mage (D:13)
  4 tentacles (Shoals:2)
5 creatures vanquished.

Grand Total: 752 creatures vanquished

Notes
Turn   | Place    | Note
-------+----------+-------------------------------------------
     0 | D:1      | qw the Naga Hunter began the quest for the Orb.
     0 | D:1      | Reached XP level 1. HP: 19/19 MP: 1/1
     0 | D:1      | 0 ||| qw: Version: 0.2-a-29-gc1b59c4
     0 | D:1      | 0 ||| qw: Game counter: 4550
     0 | D:1      | 0 ||| qw: Always use a shield: true
     0 | D:1      | 0 ||| qw: God list: Okawaru
     0 | D:1      | 0 ||| qw: Allow faded altars: false
     0 | D:1      | 0 ||| qw: Do Orc after D:15 true
     0 | D:1      | 0 ||| qw: Do second Lair branch before Depths: true
     0 | D:1      | 0 ||| qw: Lair rune preference: random
     0 | D:1      | 0 ||| qw: Plans: Normal
     0 | D:1      | 0 ||| PLANNING D:1-11
   126 | D:1      | 126 ||| INVOKING Spit Poison.
   135 | D:1      | 135 ||| INVOKING Spit Poison.
   136 | D:1      | Reached skill level 4 in Ranged Weapons
   136 | D:1      | Reached XP level 2. HP: 26/26 MP: 2/2
   142 | D:1      | 142 ||| INVOKING Spit Poison.
   146 | D:1      | 146 ||| INVOKING Spit Poison.
   152 | D:1      | 152 ||| INVOKING Spit Poison.
   173 | D:1      | 173 ||| INVOKING Spit Poison.
   209 | D:1      | 209 ||| INVOKING Spit Poison.
   224 | D:1      | 224 ||| INVOKING Spit Poison.
   292 | D:1      | 292 ||| INVOKING Spit Poison.
   293 | D:1      | 293 ||| INVOKING Spit Poison.
   299 | D:1      | 299 ||| INVOKING Spit Poison.
   443 | D:1      | 443 ||| INVOKING Spit Poison.
   562 | D:1      | Reached XP level 3. HP: 32/32 MP: 3/3
   634 | D:1      | 634 ||| READING 3 scrolls labelled JATHRIA NOPE.
   635 | D:1      | 635 ||| DROPPING scroll of butterflies.
   689 | D:2      | 689 ||| INVOKING Spit Poison.
   697 | D:2      | 697 ||| INVOKING Spit Poison.
   709 | D:2      | 709 ||| INVOKING Spit Poison.
   727 | D:2      | 727 ||| INVOKING Spit Poison.
  1126 | D:2      | 1126 ||| INVOKING Spit Poison.
  1188 | D:2      | 1188 ||| INVOKING Spit Poison.
  1195 | D:2      | Identified the ring "Casiorow" {rElec AC+4}
  1253 | D:2      | 1253 ||| UPGRADING to +0 troll leather armour.
  1263 | D:2      | 1263 ||| DROPPING +0 leather armour.
  1264 | D:2      | 1264 ||| UPGRADING to ring "Casiorow" {rElec AC+4}.
  1265 | D:2      | 1265 ||| READING scroll labelled UDUURIGUMP.
  1266 | D:2      | 1266 ||| DRINKING 2 pink potions.
  1280 | D:3      | 1280 ||| INVOKING Spit Poison.
  1330 | D:3      | 1330 ||| INVOKING Spit Poison.
  1337 | D:3      | Found a runed translucent door.
  1431 | D:3      | 1431 ||| INVOKING Spit Poison.
  1436 | D:3      | Reached skill level 5 in Ranged Weapons
  1436 | D:3      | Reached XP level 4. HP: 39/39 MP: 4/4
  1437 | D:3      | 1437 ||| INVOKING Spit Poison.
  1440 | D:3      | 1440 ||| INVOKING Spit Poison.
  1446 | D:3      | 1446 ||| INVOKING Spit Poison.
  1467 | D:3      | 1467 ||| INVOKING Spit Poison.
  1471 | D:3      | 1471 ||| INVOKING Spit Poison.
  1494 | D:3      | 1494 ||| INVOKING Spit Poison.
  1499 | D:3      | 1499 ||| INVOKING Spit Poison.
  1503 | D:3      | 1503 ||| INVOKING Spit Poison.
  1609 | D:3      | 1609 ||| INVOKING Spit Poison.
  1636 | D:3      | 1636 ||| INVOKING Spit Poison.
  1641 | D:3      | 1641 ||| INVOKING Spit Poison.
  1642 | D:3      | Reached skill level 3 in Fighting
  1770 | D:3      | Found a faded altar of an unknown god.
  1850 | D:3      | Found a basalt altar of Yredelemnul.
  1937 | D:3      | 1937 ||| INVOKING Spit Poison.
  1945 | D:3      | 1945 ||| INVOKING Spit Poison.
  1955 | D:3      | 1955 ||| INVOKING Spit Poison.
  1959 | D:3      | 1959 ||| INVOKING Spit Poison.
  2093 | D:3      | 2093 ||| INVOKING Spit Poison.
  2241 | D:3      | Noticed qw's ghost (amateur NaHu)
  2243 | D:3      | 2243 ||| UPGRADING to +0 pair of gloves.
  2248 | D:3      | 2248 ||| READING scroll labelled WUGGAW ONWUTO.
  2249 | D:3      | 2249 ||| DRINKING 2 ruby potions.
  2250 | D:3      | 2250 ||| READING 4 scrolls of identify.
  2250 | D:3      | 2250 ||| IDENTIFYING coppery potion
  2251 | D:3      | 2251 ||| READING 3 scrolls of identify.
  2251 | D:3      | 2251 ||| IDENTIFYING viscous clear potion
  2252 | D:3      | 2252 ||| READING 2 scrolls of identify.
  2252 | D:3      | 2252 ||| IDENTIFYING viscous orange potion
  2253 | D:3      | 2253 ||| DROPPING potion of brilliance.
  2254 | D:3      | 2254 ||| DROPPING potion of attraction.
  2255 | D:3      | 2255 ||| DROPPING potion of berserk rage.
  2256 | D:3      | 2256 ||| DROPPING potion of lignification.
  2278 | D:4      | 2278 ||| INVOKING Spit Poison.
  2279 | D:4      | Reached XP level 5. HP: 49/49 MP: 5/5
  2302 | D:4      | Identified the +3 pair of gloves of Camuv {rPois Will-
                  | Regen+ Int+2}
  2321 | D:4      | 2321 ||| INVOKING Spit Poison.
  2352 | D:4      | 2352 ||| INVOKING Spit Poison.
  2353 | D:4      | 2353 ||| INVOKING Spit Poison.
  2401 | D:4      | 2401 ||| INVOKING Spit Poison.
  2406 | D:4      | 2406 ||| INVOKING Spit Poison.
  2410 | D:4      | 2410 ||| INVOKING Spit Poison.
  2413 | D:4      | 2413 ||| INVOKING Spit Poison.
  2414 | D:4      | Reached skill level 6 in Ranged Weapons
  2430 | D:4      | 2430 ||| INVOKING Spit Poison.
  2467 | D:4      | 2467 ||| INVOKING Spit Poison.
  2505 | D:4      | 2505 ||| INVOKING Spit Poison.
  2509 | D:4      | Reached XP level 6. HP: 56/56 MP: 6/6
  2511 | D:4      | 2511 ||| INVOKING Spit Poison.
  2512 | D:4      | 2512 ||| INVOKING Spit Poison.
  2529 | D:4      | 2529 ||| INVOKING Spit Poison.
  2573 | D:4      | 2573 ||| INVOKING Spit Poison.
  2670 | D:4      | 2670 ||| UPGRADING to +3 pair of gloves of Camuv {rPois
                  | Will- Regen+ Int+2}.
  2680 | D:4      | 2680 ||| DROPPING +0 pair of gloves.
  2681 | D:4      | 2681 ||| READING scroll labelled ROUCHA VIUWK.
  2698 | D:5      | Entered Level 5 of the Dungeon
  2701 | D:5      | 2701 ||| INVOKING Spit Poison.
  2726 | D:5      | 2726 ||| INVOKING Spit Poison.
  2766 | D:5      | 2766 ||| INVOKING Spit Poison.
  2772 | D:5      | 2772 ||| INVOKING Spit Poison.
  2776 | D:5      | 2776 ||| INVOKING Spit Poison.
  2781 | D:5      | 2781 ||| INVOKING Spit Poison.
  2788 | D:5      | 2788 ||| INVOKING Spit Poison.
  2788 | D:5      | HP: 4/57 [gnoll sergeant/+0 spear (11)]
  2791 | D:5      | Reached XP level 7. HP: 8/64 MP: 7/7
  2794 | D:5      | 2794 ||| INVOKING Spit Poison.
  2814 | D:5      | 2814 ||| INVOKING Spit Poison.
  2819 | D:5      | 2819 ||| INVOKING Spit Poison.
  2822 | D:5      | Reached skill level 7 in Ranged Weapons
  2826 | D:5      | 2826 ||| INVOKING Spit Poison.
  2829 | D:5      | 2829 ||| INVOKING Spit Poison.
  2860 | D:5      | 2860 ||| INVOKING Spit Poison.
  2865 | D:5      | 2865 ||| INVOKING Spit Poison.
  2868 | D:5      | 2868 ||| INVOKING Spit Poison.
  2896 | D:5      | 2896 ||| INVOKING Spit Poison.
  2897 | D:5      | 2897 ||| Stepping ~*~*~tactically~*~*~ (outnumbered).
  2906 | D:5      | 2906 ||| Stepping ~*~*~tactically~*~*~ (outnumbered).
  2908 | D:5      | 2908 ||| Stepping ~*~*~tactically~*~*~ (outnumbered).
  2910 | D:5      | 2910 ||| INVOKING Spit Poison.
  2913 | D:5      | 2913 ||| INVOKING Spit Poison.
  2916 | D:5      | 2916 ||| INVOKING Spit Poison.
  2919 | D:5      | 2919 ||| INVOKING Spit Poison.
  2924 | D:5      | Reached skill level 1 in Armour
  2929 | D:5      | 2929 ||| INVOKING Spit Poison.
  2944 | D:5      | 2944 ||| INVOKING Spit Poison.
  2948 | D:5      | 2948 ||| INVOKING Spit Poison.
  2960 | D:5      | 2960 ||| INVOKING Spit Poison.
  2963 | D:5      | 2963 ||| INVOKING Spit Poison.
  2968 | D:5      | 2968 ||| INVOKING Spit Poison.
  2975 | D:5      | 2975 ||| INVOKING Spit Poison.
  2982 | D:5      | 2982 ||| INVOKING Spit Poison.
  2986 | D:5      | 2986 ||| INVOKING Spit Poison.
  2989 | D:5      | 2989 ||| INVOKING Spit Poison.
  3068 | D:5      | 3068 ||| INVOKING Spit Poison.
  3073 | D:5      | 3073 ||| INVOKING Spit Poison.
  3076 | D:5      | 3076 ||| INVOKING Spit Poison.
  3081 | D:5      | Reached XP level 8. HP: 64/72 MP: 8/8
  3081 | D:5      | 3081 ||| INVOKING Spit Poison.
  3088 | D:5      | 3088 ||| INVOKING Spit Poison.
  3098 | D:5      | 3098 ||| INVOKING Spit Poison.
  3101 | D:5      | 3101 ||| INVOKING Spit Poison.
  3105 | D:5      | 3105 ||| INVOKING Spit Poison.
  3250 | D:5      | 3250 ||| INVOKING Spit Poison.
  3255 | D:5      | Reached skill level 8 in Ranged Weapons
  3299 | D:5      | 3299 ||| INVOKING Spit Poison.
  3306 | D:5      | 3306 ||| INVOKING Spit Poison.
  3310 | D:5      | 3310 ||| INVOKING Spit Poison.
  3314 | D:5      | 3314 ||| INVOKING Spit Poison.
  3317 | D:5      | 3317 ||| INVOKING Spit Poison.
  3319 | D:5      | Found Sasuje Jugre's Antique Weapon Emporium.
  3327 | D:5      | 3327 ||| BUYING runed arbalest (165 gold).
  3327 | D:5      | Bought a runed arbalest for 165 gold pieces
  3327 | D:5      | 3327 ||| SWAPPING to +6 arbalest of draining.
  3328 | D:5      | 3328 ||| DROPPING +1 shortbow.
  3346 | D:5      | 3346 ||| INVOKING Spit Poison.
  3442 | D:5      | 3442 ||| READING scroll labelled UTTEPT XYOVE.
  3446 | D:5      | 3446 ||| READING scroll labelled OTEAKA DUQEI.
  3447 | D:5      | 3447 ||| READING scroll labelled ZOIR YG FILIMA.
  3448 | D:5      | 3448 ||| READING 3 scrolls of identify.
  3448 | D:5      | 3448 ||| IDENTIFYING red potion
  3449 | D:5      | 3449 ||| READING 2 scrolls of identify.
  3449 | D:5      | 3449 ||| IDENTIFYING fizzy golden potion
  3465 | D:6      | 3465 ||| PLANNING OSSUARY
  3519 | D:6      | Noticed Blork the orc
  3520 | D:6      | 3520 ||| INVOKING Spit Poison.
  3523 | D:6      | 3523 ||| INVOKING Spit Poison.
  3523 | D:6      | Killed Blork the orc
  3548 | D:6      | 3548 ||| INVOKING Spit Poison.
  3551 | D:6      | 3551 ||| INVOKING Spit Poison.
  3552 | D:6      | 3552 ||| Stepping ~*~*~tactically~*~*~ (outnumbered).
  3555 | D:6      | 3555 ||| INVOKING Spit Poison.
  3561 | D:6      | 3561 ||| INVOKING Spit Poison.
  3601 | D:6      | 3601 ||| INVOKING Spit Poison.
  3624 | D:6      | 3624 ||| INVOKING Spit Poison.
  3632 | D:6      | 3632 ||| INVOKING Spit Poison.
  3668 | D:6      | Reached skill level 9 in Ranged Weapons
  3710 | D:6      | 3710 ||| INVOKING Spit Poison.
  3715 | D:6      | 3715 ||| INVOKING Spit Poison.
  3730 | D:6      | Found a sand-covered staircase.
  3731 | D:6      | 3731 ||| UPGRADING to amulet of regeneration.
  3736 | D:6      | 3736 ||| READING scroll labelled WEANTU BAOMA.
  3747 | Ossuary  | Entered an ossuary
  3747 | Ossuary  | Noticed a wraith
  3747 | Ossuary  | Noticed a wraith
  3747 | Ossuary  | Noticed a wraith
  3770 | Ossuary  | Reached XP level 9. HP: 82/82 MP: 9/9
  3800 | Ossuary  | Reached skill level 3 in Dodging
  3810 | Ossuary  | 3810 ||| READING scroll of enchant weapon.
  3810 | Ossuary  | 3810 ||| ENCHANTING +6 arbalest of draining.
  3899 | Ossuary  | 3899 ||| READING 7 scrolls of identify.
  3899 | Ossuary  | 3899 ||| IDENTIFYING bubbling puce potion
  3907 | D:6      | 3907 ||| PLANNING D:1-11
  4006 | D:6      | 4006 ||| INVOKING Spit Poison.
  4009 | D:6      | 4009 ||| INVOKING Spit Poison.
  4012 | D:6      | Reached skill level 6 in Fighting
  4033 | D:6      | Found a broken altar of Ashenzari.
  4038 | D:6      | Found a glowing golden altar of the Shining One.
  4040 | D:6      | Found an opulent altar of Gozag.
  4041 | D:6      | Found a hide-covered altar of Uskayaw.
  4041 | D:6      | Found a bloodstained altar of Trog.
  4044 | D:6      | Found a shimmering altar of Xom.
  4046 | D:6      | Found a stormy altar of Qazlal.
  4119 | D:6      | 4119 ||| INVOKING Spit Poison.
  4237 | D:7      | Noticed a hornet
  4238 | D:7      | 4238 ||| INVOKING Spit Poison.
  4240 | D:7      | 4240 ||| STAIRDANCE
  4243 | D:6      | Killed a hornet
  4289 | D:7      | 4289 ||| INVOKING Spit Poison.
  4292 | D:7      | Reached skill level 10 in Ranged Weapons
  4293 | D:7      | 4293 ||| INVOKING Spit Poison.
  4294 | D:7      | 4294 ||| FLEEEEING.
  4295 | D:7      | 4295 ||| FLEEEEING.
  4296 | D:7      | 4296 ||| FLEEEEING.
  4297 | D:7      | 4297 ||| FLEEEEING.
  4299 | D:7      | 4299 ||| Stepping ~*~*~tactically~*~*~ (cloud).
  4303 | D:7      | 4303 ||| INVOKING Spit Poison.
  4306 | D:7      | 4306 ||| Stepping ~*~*~tactically~*~*~ (cloud).
  4356 | D:7      | Noticed a troll
  4361 | D:7      | 4361 ||| INVOKING Spit Poison.
  4366 | D:7      | 4366 ||| INVOKING Spit Poison.
  4367 | D:7      | Killed a troll
  4383 | D:7      | 4383 ||| INVOKING Spit Poison.
  4391 | D:7      | 4391 ||| INVOKING Spit Poison.
  4399 | D:7      | Reached XP level 10. HP: 94/94 MP: 10/10
  4401 | D:7      | 4401 ||| INVOKING Spit Poison.
  4404 | D:7      | Reached skill level 11 in Ranged Weapons
  4410 | D:7      | 4410 ||| INVOKING Spit Poison.
  4430 | D:7      | 4430 ||| Stepping ~*~*~tactically~*~*~ (outnumbered).
  4435 | D:7      | 4435 ||| INVOKING Spit Poison.
  4606 | D:7      | Found a staircase to the Ecumenical Temple.
  4607 | D:7      | 4607 ||| PLANNING TEMPLE
  4607 | D:7      | 4607 ||| INVOKING Spit Poison.
  4608 | D:7      | 4608 ||| UPGRADING to +0 cloak.
  4613 | D:7      | 4613 ||| DROPPING ring of magical power.
  4614 | D:7      | 4614 ||| READING scroll labelled PONOPI YTIL.
  4629 | Temple   | Entered the Ecumenical Temple
  4645 | Temple   | 4645 ||| PLANNING OKAWARU WORSHIP
  4746 | Temple   | Became a worshipper of Warmaster Okawaru
  4746 | Temple   | 4746 ||| PLANNING D:1-11
  4800 | D:7      | 4800 ||| INVOKING Spit Poison.
  4803 | D:7      | 4803 ||| INVOKING Spit Poison.
  4840 | D:7      | 4840 ||| INVOKING Spit Poison.
  4887 | D:7      | Found Maeseaz's Antique Armour Shoppe.
  4895 | D:7      | 4895 ||| SHOPLISTING +1 cloak of Starlight {*Dazzle EV+4
                  | Stlth--} (854 gold, have 371).
  4895 | D:7      | 4895 ||| SHOPLISTING +4 moon troll leather armour {Spirit,
                  | Regen++ MP+5} (1526 gold, have 371).
  5003 | D:7      | 5003 ||| INVOKING Spit Poison.
  5005 | D:7      | 5005 ||| READING 6 scrolls of identify.
  5005 | D:7      | 5005 ||| IDENTIFYING fizzy pink potion
  5020 | D:8      | Noticed a two-headed ogre
  5021 | D:8      | 5021 ||| INVOKING Spit Poison.
  5024 | D:8      | 5024 ||| STAIRDANCE
  5026 | D:7      | 5026 ||| INVOKING Spit Poison.
  5026 | D:7      | Killed a two-headed ogre
  5067 | D:8      | 5067 ||| INVOKING Spit Poison.
  5074 | D:8      | 5074 ||| INVOKING Spit Poison.
  5075 | D:8      | Reached * piety under Okawaru
  5137 | D:8      | 5137 ||| INVOKING Spit Poison.
  5175 | D:8      | 5175 ||| INVOKING Spit Poison.
  5177 | D:8      | Reached skill level 1 in Invocations
  5505 | D:8      | 5505 ||| UPGRADING to amulet of faith.
  5515 | D:8      | 5515 ||| UPGRADING to +5 ring of evasion.
  5516 | D:8      | 5516 ||| READING scroll labelled YFUELU KURO.
  5574 | D:9      | 5574 ||| INVOKING Spit Poison.
  5578 | D:9      | 5578 ||| Stepping ~*~*~tactically~*~*~ (outnumbered).
  5579 | D:9      | 5579 ||| INVOKING Spit Poison.
  5584 | D:9      | 5584 ||| INVOKING Spit Poison.
  5590 | D:9      | 5590 ||| INVOKING Spit Poison.
  5592 | D:9      | 5592 ||| INVOKING Heroism.
  5593 | D:9      | 5593 ||| INVOKING Spit Poison.
  5594 | D:9      | 5594 ||| INVOKING Spit Poison.
  5594 | D:9      | Noticed a skeletal warrior
  5600 | D:9      | 5600 ||| INVOKING Spit Poison.
  5607 | D:9      | 5607 ||| INVOKING Heroism.
  5610 | D:9      | 5610 ||| INVOKING Spit Poison.
  5614 | D:9      | 5614 ||| INVOKING Spit Poison.
  5614 | D:9      | HP: 13/97 [skeletal warrior/+3 dire flail (14)]
  5615 | D:9      | 5615 ||| READING 3 scrolls of teleportation.
  5615 | D:9      | HP: 2/97 [steam dragon/ball of steam (13)]
  5616 | D:9      | 5616 ||| DRINKING 3 potions of heal wounds.
  5617 | D:9      | 5617 ||| DRINKING 2 potions of heal wounds.
  5686 | D:9      | Noticed a purple ugly thing
  5687 | D:9      | 5687 ||| INVOKING Spit Poison.
  5693 | D:9      | 5693 ||| INVOKING Spit Poison.
  5696 | D:9      | 5696 ||| INVOKING Spit Poison.
  5696 | D:9      | Killed a purple ugly thing
  5697 | D:9      | Reached skill level 12 in Ranged Weapons
  5732 | D:9      | 5732 ||| INVOKING Spit Poison.
  5733 | D:9      | Noticed a wizard
  5734 | D:9      | 5734 ||| Stepping ~*~*~tactically~*~*~ (outnumbered).
  5738 | D:9      | 5738 ||| INVOKING Spit Poison.
  5740 | D:9      | Killed a wizard
  5740 | D:9      | Reached ** piety under Okawaru
  5741 | D:9      | Reached skill level 3 in Invocations
  5764 | D:9      | 5764 ||| READING scroll of enchant armour.
  5764 | D:9      | 5764 ||| ENCHANTING +0 cloak.
  5819 | D:9      | Reached XP level 11. HP: 104/104 MP: 13/13
  5830 | D:9      | Found Ulaidaiczi's Assorted Antiques.
  5838 | D:9      | 5838 ||| BUYING 2 lumpy orange potions (54 gold).
  5838 | D:9      | Bought 2 lumpy orange potions for 54 gold pieces
  5838 | D:9      | 5838 ||| BUYING embroidered cloak (225 gold).
  5838 | D:9      | Bought an embroidered cloak for 225 gold pieces
  5838 | D:9      | 5838 ||| BUYING forked fluorescent wand (120 gold).
  5838 | D:9      | Bought a forked fluorescent wand for 120 gold pieces
  5838 | D:9      | 5838 ||| SHOPLISTING scroll of enchant weapon (225 gold,
                  | have 142).
  5838 | D:9      | 5838 ||| BUYING scroll of identify (60 gold).
  5838 | D:9      | Bought a scroll of identify for 60 gold pieces
  5838 | D:9      | 5838 ||| BUYING scroll of identify (60 gold).
  5838 | D:9      | Bought a scroll of identify for 60 gold pieces
  5846 | D:9      | 5846 ||| INVOKING Heroism.
  5847 | D:9      | 5847 ||| Stepping ~*~*~tactically~*~*~ (outnumbered).
  5848 | D:9      | 5848 ||| INVOKING Spit Poison.
  6098 | D:9      | 6098 ||| INVOKING Spit Poison.
  6103 | D:9      | 6103 ||| INVOKING Heroism.
  6104 | D:9      | 6104 ||| INVOKING Spit Poison.
  6108 | D:9      | 6108 ||| INVOKING Spit Poison.
  6113 | D:9      | 6113 ||| INVOKING Spit Poison.
  6135 | D:9      | 6135 ||| INVOKING Spit Poison.
  6148 | D:9      | 6148 ||| INVOKING Heroism.
  6149 | D:9      | 6149 ||| INVOKING Spit Poison.
  6159 | D:9      | 6159 ||| INVOKING Spit Poison.
  6161 | D:9      | Found a staircase to the Orcish Mines.
  6241 | D:9      | 6241 ||| INVOKING Heroism.
  6251 | D:9      | Killed a skeletal warrior
  6557 | D:9      | 6557 ||| DROPPING +0 cloak of preservation.
  6558 | D:9      | 6558 ||| READING scroll labelled HAETYA ZUANI.
  6559 | D:9      | 6559 ||| DRINKING 2 lumpy orange potions.
  6560 | D:9      | 6560 ||| READING 10 scrolls of identify.
  6560 | D:9      | 6560 ||| IDENTIFYING dark potion
  6561 | D:9      | 6561 ||| DROPPING potion of enlightenment.
  6564 | D:10     | Entered Level 10 of the Dungeon
  6564 | D:10     | Noticed a two-headed ogre
  6565 | D:10     | 6565 ||| INVOKING Heroism.
  6566 | D:10     | 6566 ||| INVOKING Spit Poison.
  6571 | D:10     | 6571 ||| INVOKING Spit Poison.
  6572 | D:10     | Killed a two-headed ogre
  6573 | D:10     | Reached skill level 13 in Ranged Weapons
  6608 | D:10     | 6608 ||| INVOKING Spit Poison.
  6614 | D:10     | 6614 ||| INVOKING Spit Poison.
  6618 | D:10     | 6618 ||| INVOKING Spit Poison.
  6657 | D:10     | Found Diufroique's Specific Store.
  6660 | D:10     | Found Happagup's General Store.
  6670 | D:10     | 6670 ||| BUYING +0 helmet (58 gold).
  6670 | D:10     | Bought a +0 helmet for 58 gold pieces
  6670 | D:10     | 6670 ||| SHOPLISTING scroll of enchant weapon (97 gold,
                  | have 45).
  6670 | D:10     | 6670 ||| BUYING scroll of identify (26 gold).
  6670 | D:10     | Bought a scroll of identify for 26 gold pieces
  6836 | D:10     | Noticed Urug
  6837 | D:10     | 6837 ||| INVOKING Heroism.
  6842 | D:10     | Killed Urug
  6842 | D:10     | Reached *** piety under Okawaru
  6843 | D:10     | Reached skill level 9 in Fighting
  6900 | D:10     | Noticed a moth of wrath
  6912 | D:10     | Found a transporter.
  6915 | D:10     | Noticed qw's ghost (novice GrFi)
  6929 | D:10     | Found a transporter.
  6979 | D:10     | 6979 ||| INVOKING Spit Poison.
  6984 | D:10     | 6984 ||| INVOKING Spit Poison.
  7112 | D:10     | 7112 ||| INVOKING Spit Poison.
  7115 | D:10     | 7115 ||| INVOKING Spit Poison.
  7118 | D:10     | 7118 ||| INVOKING Spit Poison.
  7438 | D:10     | 7438 ||| UPGRADING to +0 helmet.
  7443 | D:10     | 7443 ||| READING 12 scrolls of identify.
  7443 | D:10     | 7443 ||| IDENTIFYING orange potion
  7458 | D:11     | Reached **** piety under Okawaru
  7462 | D:11     | 7462 ||| INVOKING Spit Poison.
  7468 | D:11     | 7468 ||| INVOKING Spit Poison.
  7472 | D:11     | 7472 ||| INVOKING Spit Poison.
  7505 | D:11     | 7505 ||| INVOKING Spit Poison.
  7511 | D:11     | 7511 ||| INVOKING Spit Poison.
  7516 | D:11     | 7516 ||| INVOKING Spit Poison.
  7519 | D:11     | Reached skill level 3 in Armour
  7520 | D:11     | 7520 ||| INVOKING Spit Poison.
  7647 | D:11     | 7647 ||| DRINKING 9 potions of curing.
  7647 | D:11     | 7647 ||| (to cure confusion)
  7648 | D:11     | 7648 ||| DRINKING 8 potions of curing.
  7648 | D:11     | 7648 ||| (to cure confusion)
  7649 | D:11     | 7649 ||| DRINKING 7 potions of curing.
  7649 | D:11     | 7649 ||| (to cure confusion)
  7654 | D:11     | 7654 ||| INVOKING Heroism.
  7731 | D:11     | 7731 ||| INVOKING Spit Poison.
  7739 | D:11     | 7739 ||| INVOKING Spit Poison.
  7744 | D:11     | 7744 ||| INVOKING Spit Poison.
  7749 | D:11     | Reached skill level 6 in Invocations
  7749 | D:11     | 7749 ||| INVOKING Spit Poison.
  7784 | D:11     | 7784 ||| INVOKING Spit Poison.
  7787 | D:11     | Reached XP level 12. HP: 114/114 MP: 16/16
  7847 | D:11     | Found a glowing silver altar of Zin.
  7899 | D:11     | Noticed Nergalle
  7900 | D:11     | 7900 ||| INVOKING Heroism.
  7906 | D:11     | Killed Nergalle
  8054 | D:11     | 8054 ||| INVOKING Heroism.
  8128 | D:11     | Found a staircase to the Lair.
  8227 | D:11     | 8227 ||| PLANNING LAIR
  8227 | D:11     | 8227 ||| READING scroll labelled QELABEIGUL.
  8313 | Lair:1   | Entered Level 1 of the Lair of Beasts
  8367 | Lair:1   | Noticed a death yak
  8368 | Lair:1   | 8368 ||| INVOKING Heroism.
  8370 | Lair:1   | Noticed a death yak
  8372 | Lair:1   | Killed a death yak
  8372 | Lair:1   | Noticed a catoblepas
  8382 | Lair:1   | 8382 ||| Stepping ~*~*~tactically~*~*~ (cloud).
  8384 | Lair:1   | 8384 ||| Stepping ~*~*~tactically~*~*~ (cloud).
  8384 | Lair:1   | HP: 27/114 [death yak[a torpor snail] (14)]
  8385 | Lair:1   | 8385 ||| READING 3 scrolls of teleportation.
  8385 | Lair:1   | HP: 10/114 [catoblepas (20)]
  8386 | Lair:1   | 8386 ||| DRINKING potion of heal wounds.
  8387 | Lair:1   | 8387 ||| INVOKING Heroism.
  8388 | Lair:1   | 8388 ||| READING 2 scrolls of teleportation.
  8441 | Lair:1   | 8441 ||| INVOKING Heroism.
  8448 | Lair:1   | 8448 ||| Stepping ~*~*~tactically~*~*~ (cloud).
  8464 | Lair:1   | Killed a death yak
  8467 | Lair:1   | 8467 ||| Stepping ~*~*~tactically~*~*~ (cloud).
  8468 | Lair:1   | 8468 ||| INVOKING Heroism.
  8470 | Lair:1   | 8470 ||| Stepping ~*~*~tactically~*~*~ (cloud).
  8473 | Lair:1   | Killed a catoblepas
  8474 | Lair:1   | Reached skill level 14 in Ranged Weapons
  8697 | Lair:1   | 8697 ||| READING scroll of enchant armour.
  8697 | Lair:1   | 8697 ||| ENCHANTING +0 helmet.
  8731 | Lair:1   | 8731 ||| INVOKING Heroism.
  8751 | Lair:1   | Received a gift from Okawaru
  8752 | Lair:1   | Reached ***** piety under Okawaru
  8959 | Lair:1   | 8959 ||| INVOKING Heroism.
  8962 | Lair:1   | Reached skill level 9 in Invocations
  9124 | Lair:1   | 9124 ||| READING scroll of enchant armour.
  9124 | Lair:1   | 9124 ||| ENCHANTING +1 helmet.
  9439 | Lair:1   | 9439 ||| READING scroll labelled VENE WAYPANES.
  9467 | Lair:2   | Noticed a death yak
  9468 | Lair:2   | 9468 ||| INVOKING Heroism.
  9469 | Lair:2   | 9469 ||| INVOKING Finesse.
  9469 | Lair:2   | Noticed a death yak
  9471 | Lair:2   | Noticed a death yak
  9477 | Lair:2   | Noticed a death yak
  9491 | Lair:2   | Killed a death yak
  9494 | Lair:2   | Killed a death yak
  9494 | Lair:2   | Received a gift from Okawaru
  9501 | Lair:2   | Killed a death yak
  9502 | Lair:2   | Gained mutation: You can use your snake-like lower body to
                  | constrict enemies. [Naga growth]
  9502 | Lair:2   | Reached XP level 13. HP: 123/123 MP: 15/20
  9552 | Lair:2   | 9552 ||| INVOKING Heroism.
  9573 | Lair:2   | 9573 ||| Stepping ~*~*~tactically~*~*~ (outnumbered).
  9587 | Lair:2   | Reached skill level 15 in Ranged Weapons
  9602 | Lair:2   | 9602 ||| INVOKING Heroism.
  9696 | Lair:2   | 9696 ||| INVOKING Heroism.
  9697 | Lair:2   | 9697 ||| INVOKING Finesse.
  9712 | Lair:2   | Reached skill level 6 in Dodging
  9767 | Lair:2   | 9767 ||| DRINKING potion of cancellation.
  9797 | Lair:2   | 9797 ||| INVOKING Heroism.
 10039 | Lair:2   | 10039 ||| INVOKING Heroism.
 10075 | Lair:2   | 10075 ||| INVOKING Finesse.
 10077 | Lair:2   | 10077 ||| Stepping ~*~*~tactically~*~*~ (cloud).
 10081 | Lair:2   | 10081 ||| Stepping ~*~*~tactically~*~*~ (cloud).
 10319 | Lair:3   | 10319 ||| INVOKING Heroism.
 10329 | Lair:3   | 10329 ||| INVOKING Finesse.
 10411 | Lair:3   | 10411 ||| READING scroll of enchant weapon.
 10411 | Lair:3   | 10411 ||| ENCHANTING +7 arbalest of draining.
 10433 | Lair:3   | Found a staircase to the Shoals.
 10518 | Lair:3   | 10518 ||| INVOKING Heroism.
 10519 | Lair:3   | 10519 ||| INVOKING Finesse.
 10524 | Lair:3   | Reached skill level 16 in Ranged Weapons
 10583 | Lair:3   | 10583 ||| INVOKING Heroism.
 10771 | Lair:3   | Found a staircase to the Snake Pit.
 10772 | Lair:3   | 10772 ||| Stepping ~*~*~tactically~*~*~ (outnumbered).
 10780 | Lair:3   | 10780 ||| FLEEEEING.
 10781 | Lair:3   | 10781 ||| FLEEEEING.
 10814 | Lair:3   | 10814 ||| INVOKING Heroism.
 10815 | Lair:3   | 10815 ||| INVOKING Finesse.
 10866 | Lair:3   | 10866 ||| INVOKING Finesse.
 10867 | Lair:3   | 10867 ||| INVOKING Heroism.
 10913 | Lair:3   | Found the +1 robe of Vines {NoPotionHeal Regen++++}
 10990 | Lair:3   | 10990 ||| INVOKING Heroism.
 11272 | Lair:3   | 11272 ||| DROPPING +0 leather armour of cold resistance.
 11273 | Lair:3   | 11273 ||| UPGRADING to +1 robe of Vines {NoPotionHeal
                  | Regen++++}.
 11283 | Lair:3   | 11283 ||| DROPPING +0 troll leather armour.
 11284 | Lair:3   | 11284 ||| UPGRADING to +6 ring of dexterity.
 11286 | Lair:3   | 11286 ||| UPGRADING to ring "Casiorow" {rElec AC+4}.
 11300 | Lair:4   | 11300 ||| STAIRDANCE
 11412 | Lair:4   | 11412 ||| STAIRDANCE
 11417 | Lair:3   | Reached XP level 14. HP: 121/135 MP: 21/21
 11426 | Lair:4   | 11426 ||| INVOKING Heroism.
 11818 | Lair:4   | Found a viscous altar of Jiyva.
 11818 | Lair:4   | Found a staircase to the Slime Pits.
 11829 | Lair:4   | 11829 ||| DROPPING +4 ring of protection.
 12410 | Lair:5   | Entered Level 5 of the Lair of Beasts
 12472 | Lair:5   | Identified the +8 triple crossbow "Totimeco" {antimagic,
                  | rC+ Will- Str+2 Int+3} (Okawaru gifted it to you on level 5
                  | of the Lair of Beasts)
 12472 | Lair:5   | Received a gift from Okawaru
 12474 | Lair:5   | 12474 ||| SWAPPING to +8 triple crossbow "Totimeco"
                  | {antimagic, rC+ Will- Str+2 Int+3}.
 12475 | Lair:5   | 12475 ||| DROPPING +8 arbalest of draining.
 12510 | Lair:5   | 12510 ||| INVOKING Heroism.
 12539 | Lair:5   | 12539 ||| INVOKING Heroism.
 12626 | Lair:5   | Reached skill level 17 in Ranged Weapons
 12681 | Lair:5   | 12681 ||| INVOKING Heroism.
 12704 | Lair:5   | 12704 ||| INVOKING Finesse.
 12706 | Lair:5   | Received a gift from Okawaru
 12800 | Lair:5   | 12800 ||| INVOKING Heroism.
 12802 | Lair:5   | 12802 ||| INVOKING Finesse.
 12847 | Lair:5   | Reached skill level 9 in Dodging
 12993 | Lair:5   | 12993 ||| INVOKING Heroism.
 13022 | Lair:5   | 13022 ||| INVOKING Finesse.
 13103 | Lair:5   | Identified the +0 plate armour "Vuturiost" {+Inv rF+ Dex+3}
 13212 | Lair:5   | Identified the +0 robe of Xom's Hatred {Harm}
 13334 | Lair:5   | 13334 ||| PLANNING D
 13334 | Lair:5   | 13334 ||| READING 14 scrolls of identify.
 13334 | Lair:5   | 13334 ||| IDENTIFYING puce potion
 13335 | Lair:5   | 13335 ||| READING 13 scrolls of identify.
 13335 | Lair:5   | 13335 ||| IDENTIFYING cyan potion
 13336 | Lair:5   | 13336 ||| DROPPING potion of invisibility.
 13584 | D:12     | Noticed a vampire knight
 13585 | D:12     | Noticed a tengu reaver
 13587 | D:12     | Noticed a storm dragon
 13589 | D:12     | Noticed Qesois's ghost (journeyman GnNe)
 13998 | D:12     | Found a transporter.
 14000 | D:12     | Found a transporter.
 14010 | D:12     | Identified the +8 rapier "Zoxenoreh" {elec, Contam rPois
                  | Str+4 Dex+3}
 14268 | D:12     | Received a gift from Okawaru
 14515 | D:12     | 14515 ||| DROPPING ring of positive energy.
 14516 | D:12     | 14516 ||| READING scroll labelled WADOYJ OLLEQA.
 14524 | D:13     | Noticed Nessos
 14524 | D:13     | Found a gate to the Vaults.
 14525 | D:13     | 14525 ||| INVOKING Heroism.
 14526 | D:13     | 14526 ||| INVOKING Finesse.
 14531 | D:13     | Reached XP level 15. HP: 141/141 MP: 0/22
 14556 | D:13     | Killed Nessos
 14556 | D:13     | Received a gift from Okawaru
 14557 | D:13     | Reached skill level 18 in Ranged Weapons
 14575 | D:13     | 14575 ||| STAIRDANCE
 14602 | D:13     | 14602 ||| INVOKING Heroism.
 14653 | D:13     | Found Ulor's Armour Shoppe.
 14706 | D:13     | Identified the +3 morningstar of Honour {elec, Drain rC+
                  | Dex+2}
 14779 | D:13     | 14779 ||| Stepping ~*~*~tactically~*~*~ (outnumbered).
 15007 | D:13     | 15007 ||| INVOKING Heroism.
 15237 | D:13     | Reached skill level 12 in Fighting
 15240 | D:13     | 15240 ||| Stepping ~*~*~tactically~*~*~ (outnumbered).
 15247 | D:13     | 15247 ||| Stepping ~*~*~tactically~*~*~ (outnumbered).
 15259 | D:13     | 15259 ||| Stepping ~*~*~tactically~*~*~ (outnumbered).
 15261 | D:13     | Identified the +1 pair of gloves "Zuefe" {Str+2 Dex+3}
                  | (Okawaru gifted it to you on level 13 of the Dungeon)
 15261 | D:13     | Received a gift from Okawaru
 15264 | D:13     | 15264 ||| INVOKING Heroism.
 15378 | D:13     | 15378 ||| INVOKING Heroism.
 15424 | D:13     | 15424 ||| INVOKING Heroism.
 15479 | D:13     | 15479 ||| INVOKING Heroism.
 15528 | D:13     | Identified the scarf "Wom Qeub" {repulsion, -Tele rC+++ rN+
                  | Slay+2}
 15727 | D:13     | 15727 ||| UPGRADING to +1 barding.
 15732 | D:13     | 15732 ||| DROPPING +1 pair of gloves "Zuefe" {Str+2 Dex+3}.
 15769 | D:14     | Found a runed translucent gate.
 15769 | D:14     | Found a runed translucent gate.
 15769 | D:14     | Found a runed translucent gate.
 15771 | D:14     | Noticed Uqorphet's ghost (journeyman DECj)
 15836 | D:14     | Noticed Rupert
 15837 | D:14     | 15837 ||| INVOKING Heroism.
 15838 | D:14     | 15838 ||| INVOKING Finesse.
 15841 | D:14     | Killed Rupert
 16178 | D:14     | You fall into a shaft and drop 1 floor!
 16178 | D:15     | Entered Level 15 of the Dungeon
 16205 | D:15     | 16205 ||| INVOKING Heroism.
 16208 | D:15     | 16208 ||| Stepping ~*~*~tactically~*~*~ (outnumbered).
 16220 | D:15     | Noticed Kirke
 16221 | D:15     | 16221 ||| INVOKING Finesse.
 16239 | D:15     | Killed Kirke
 16279 | D:15     | Found a staircase to the Depths.
 16315 | D:15     | 16315 ||| READING 15 scrolls of identify.
 16315 | D:15     | 16315 ||| IDENTIFYING inky potion
 16316 | D:15     | 16316 ||| DROPPING potion of ambrosia.
 16726 | D:14     | Found an iron altar of Okawaru.
 16761 | D:15     | Identified the +8 whip of the Puffin {drain, *Corrode
                  | Int+6}
 16878 | D:15     | 16878 ||| Stepping ~*~*~tactically~*~*~ (outnumbered).
 16951 | D:15     | 16951 ||| INVOKING Heroism.
 17112 | D:15     | Found a shimmering altar of Xom.
 17120 | D:15     | Reached skill level 19 in Ranged Weapons
 17168 | D:15     | 17168 ||| Stepping ~*~*~tactically~*~*~ (outnumbered).
 17207 | D:15     | Noticed Louise
 17208 | D:15     | 17208 ||| INVOKING Heroism.
 17209 | D:15     | 17209 ||| INVOKING Finesse.
 17221 | D:15     | Killed Louise
 17418 | D:15     | 17418 ||| PLANNING ORC
 17582 | Orc:1    | Entered Level 1 of the Orcish Mines
 17595 | Orc:1    | 17595 ||| INVOKING Heroism.
 17696 | Orc:2    | Entered Level 2 of the Orcish Mines
 17697 | Orc:2    | Found a staircase to the Elven Halls.
 17708 | Orc:1    | Reached XP level 16. HP: 109/152 MP: 7/23
 17720 | Orc:1    | Found a shimmering altar of Xom.
 17731 | Orc:1    | 17731 ||| INVOKING Heroism.
 18018 | Orc:2    | 18018 ||| INVOKING Heroism.
 18081 | Orc:2    | Found Qaupn's Weapon Shop.
 18190 | Orc:2    | Noticed Josephine
 18191 | Orc:2    | Noticed Azrael
 18192 | Orc:2    | 18192 ||| INVOKING Heroism.
 18201 | Orc:2    | Killed Josephine
 18202 | Orc:2    | Killed Azrael
 18220 | Orc:2    | Identified the +0 chain mail "Cedauckerch" {Rampage Int+2
                  | Dex-4 Slay+3} (Okawaru gifted it to you on level 2 of the
                  | Orcish Mines)
 18220 | Orc:2    | Received a gift from Okawaru
 18331 | Orc:2    | 18331 ||| INVOKING Heroism.
 18352 | Orc:2    | Found Wigog's Magic Scroll Emporium.
 18352 | Orc:2    | Found Plog's Distillery.
 18360 | Orc:2    | 18360 ||| BUYING potion of curing (42 gold).
 18360 | Orc:2    | Bought a potion of curing for 42 gold pieces
 18360 | Orc:2    | 18360 ||| BUYING potion of curing (42 gold).
 18360 | Orc:2    | Bought a potion of curing for 42 gold pieces
 18360 | Orc:2    | 18360 ||| BUYING potion of mutation (112 gold).
 18360 | Orc:2    | Bought a potion of mutation for 112 gold pieces
 18360 | Orc:2    | 18360 ||| BUYING potion of mutation (112 gold).
 18360 | Orc:2    | Bought a potion of mutation for 112 gold pieces
 18370 | Orc:2    | 18370 ||| INVOKING Heroism.
 18395 | Orc:2    | 18395 ||| BUYING scroll of teleportation (51 gold).
 18395 | Orc:2    | Bought a scroll of teleportation for 51 gold pieces
 18479 | Orc:2    | 18479 ||| INVOKING Heroism.
 18502 | Orc:2    | Found Eculyrr's Assorted Antiques.
 18502 | Orc:2    | Found Ruepumm's Antique Weapon Shop.
 18515 | Orc:2    | 18515 ||| BUYING heavily runed silver ring (165 gold).
 18515 | Orc:2    | Bought a heavily runed silver ring for 165 gold pieces
 18515 | Orc:2    | Identified the ring of the Howling Ancients {rF+ Will+
                  | MP+9} (You bought it in a shop on level 2 of the Orcish
                  | Mines)
 18515 | Orc:2    | 18515 ||| BUYING potion of curing (99 gold).
 18515 | Orc:2    | Bought a potion of curing for 99 gold pieces
 18523 | Orc:2    | 18523 ||| INVOKING Heroism.
 18873 | Orc:2    | 18873 ||| PLANNING SHOALS:1-3
 19132 | Shoals:1 | Entered Level 1 of the Shoals
 19133 | Shoals:1 | 19133 ||| INVOKING Heroism.
 19170 | Shoals:1 | Reached skill level 6 in Armour
 19180 | Shoals:1 | 19180 ||| FLEEEEING.
 19181 | Shoals:1 | 19181 ||| STAIRDANCE
 19304 | Shoals:1 | 19304 ||| INVOKING Heroism.
 19483 | Shoals:1 | 19483 ||| INVOKING Heroism.
 19572 | Shoals:1 | Found Maweg's Weapon Shoppe.
 19682 | Shoals:1 | Received a gift from Okawaru
 19713 | Shoals:1 | 19713 ||| INVOKING Heroism.
 19748 | Shoals:1 | 19748 ||| DROPPING ring of protection from cold.
 19789 | Shoals:2 | Noticed Polyphemus
 19789 | Shoals:2 | Noticed a kraken
 19790 | Shoals:2 | 19790 ||| INVOKING Heroism.
 19796 | Shoals:2 | 19796 ||| Stepping ~*~*~tactically~*~*~ (cloud).
 19797 | Shoals:2 | 19797 ||| Stepping ~*~*~tactically~*~*~ (cloud).
 19800 | Shoals:2 | Killed Polyphemus
 19803 | Shoals:2 | 19803 ||| Stepping ~*~*~tactically~*~*~ (cloud).
 19806 | Shoals:2 | 19806 ||| Stepping ~*~*~tactically~*~*~ (cloud).
 19808 | Shoals:2 | 19808 ||| Stepping ~*~*~tactically~*~*~ (cloud).
 19822 | Shoals:2 | HP: 33/156 [drowned by a water elemental[a merfolk
                  | aquamancer] (7)]
 19824 | Shoals:2 | HP: 16/156 [drowned by a water elemental[a merfolk
                  | aquamancer] (7)]
 19824 | Shoals:2 | Killed from afar by a merfolk aquamancer

Levels and vault maps discovered:
D:1:      dpeg_arrival_simpleton_a, layout_basic, grunt_decor_cap
D:2:      layout_loops_cross, serial_bayou_lagoon_a, minmay_tetromino_s4
D:3:      layout_basic, yredelemnul_forgotten_temple_becter,
          ebering_ghost_reflecting_pool, hellmonk_ecumenical_altar_leap_of_faith
D:4:      layout_rooms, minmay_misc_feat_four_crosses, minmay_fountain_box,
          serial_bayou_pond_a
D:5:      black_bear_nest_2, layout_cave_pools, serial_gnoll_camp,
          gnoll_camp_mini_basic, gnoll_camp_mini_doghouse,
          gnoll_camp_huts_basic, gnoll_camp_mini_shop
D:6:      layout_basic, minitemple, enter_ossuary_4, uniq_blork_the_orc
D:7:      nicolae_whirlpool, layout_rooms, minmay_temple_entry_large_hall,
          serial_shops, shop, minivault_10, nzn_random_ring
D:8:      layout_cave_pools, dreamdust_wishing_well
D:9:      hangedman_cross_stitches, layout_loops_corners, erik_orc_1,
          serial_shops, nicolae_shop_overgrown_old_shop
D:10:     layout_basic, gammafunk_ghost_berserking_beasts,
          nicolae_specific_store, nicolae_underground_beach, uniq_urug
D:11:     layout_gridville, erik_lair_dragon, zin_treasury, uniq_nergalle
D:12:     layout_layer_cave, gammafunk_ghost_arena
D:13:     minmay_stepped, layout_layer_cave, david_vaults_3, serial_shops, shop,
          elves_outpost_lemuel
D:14:     layout_loops_ring, minivault_26, gammafunk_ghost_fury_of_okawaru,
          uniq_rupert
D:15:     grunt_enter_depths_hoard, layout_irregular_city, xom_teletrap_fun,
          hangedman_decor_growths, uniq_kirke, uniq_nessos, uniq_louise
Temple:   nicolae_temple_superstar
Lair:1:   layout_layer_cave
Lair:2:   layout_gridlike, portal_ice_cave_entry_pillars_2,
          minmay_stone_trees_small, grunt_megastairs_3,
          infiniplex_staircase_pool
Lair:3:   layout_roguey, elwin_shoals_entry_rocks,
          nicolae_snake_entry_warm_welcome, hellmonk_guarded_unrand_vines,
          serial_bayou_shore_a
Lair:4:   layout_cave_pods, slime_entry_1, grunt_megastairs_2
Lair:5:   minmay_lair_end_frog_pond, layout_big_grid,
          chequers_serial_rivers_micro_e
Shoals:1: layout_shoals, serial_shops, nicolae_shop_tiny_real_fake_doors
Shoals:2: layout_shoals, uniq_ilsuiw, uniq_jorgrun, uniq_polyphemus
Orc:1:    layout_caves, basic_altar
Orc:2:    st_orc_town, layout_diamond_mine, serial_shops,
          nicolae_shop_bloodbath_and_beyond, uniq_josephine, uniq_azrael

Skill      XL: |  1  2  3  4  5  6  7  8  9 10 11 12 13 14 15 16 |
---------------+-------------------------------------------------+-----
Ranged Weapons | 4 5 6 7 9 10 12 13 14 16 17 19 | 19.9
Fighting       | 3 4 5 7 8 9 10 11 12 13 | 13.0
Dodging        | 2 3 4 5 6 9 10 | 10.0
Armour         | 1 2 3 5 6 |  6.0
Invocations    | 3 6 10 | 10.1
Stealth        | |  1.5

Action                     |  1- 3 |  4- 6 |  7- 9 | 10-12 | 13-15 | 16-18 || total
---------------------------+-------+-------+-------+-------+-------+-------++-------
  Melee: Unarmed           |       |       |       |       |     6 |       ||     6
   Fire: Shortbow          |    56 |   116 |   123 |       |       |       ||   295
         Arbalest          |       |       |   113 |   425 |   342 |       ||   880
         Triple crossbow   |       |       |       |       |   481 |   351 ||   832
 Invoke: Heroism           |       |       |       |    18 |    29 |    12 ||    59
         Finesse           |       |       |       |     1 |    13 |       ||    14
Ability: Spit Poison       |    20 |    36 |    60 |    57 |       |       ||   173
    Use: Scroll            |     2 |     5 |     8 |    14 |     5 |       ||    34
         Potion            |     1 |     1 |       |     7 |     1 |       ||    10
 Armour: Leather armour    |    12 |       |       |       |       |       ||    12
         Troll leather arm |       |    26 |    86 |    70 |    52 |       ||   234
         Robe              |       |       |       |       |   304 |   170 ||   474
  Dodge: Dodged            |    12 |    41 |    97 |   185 |   700 |   371 ||  1406

Table legend:
 A = Non-vault XP
 B = Vault XP
 C = Vault XP percentage of total XP
 D = Non-vault monster count
 E = Vault monster count
 F = Vault count percentage of total count
                 A         B        C        D         E       F
            +---------+---------+-------+---------+---------+-------
      Total |  103427 |   68226 |  39.7 |     447 |     300 |  40.2
            +---------+---------+-------+---------+---------+-------
        D:1 |      35 |       0 |   0.0 |      22 |       0 |   0.0
        D:2 |      15 |       3 |  16.7 |       9 |       2 |  18.2
        D:3 |     109 |       1 |   0.9 |      15 |       1 |   6.2
        D:4 |     175 |       0 |   0.0 |      17 |       0 |   0.0
        D:5 |     452 |     897 |  66.5 |      10 |      32 |  76.2
        D:6 |    1000 |     104 |   9.4 |      18 |       3 |  14.3
        D:7 |    1401 |    2011 |  58.9 |      17 |      21 |  55.3
        D:8 |     526 |       0 |   0.0 |       4 |       0 |   0.0
        D:9 |    1421 |    2902 |  67.1 |       8 |      29 |  78.4
       D:10 |    1993 |    1625 |  44.9 |      11 |       5 |  31.2
       D:11 |    3850 |    1658 |  30.1 |      26 |       5 |  16.1
       D:12 |    5106 |     210 |   4.0 |      28 |       1 |   3.4
       D:13 |    6255 |   18348 |  74.6 |      12 |      40 |  76.9
       D:14 |    2529 |    1816 |  41.8 |       4 |       1 |  20.0
       D:15 |    7661 |    4697 |  38.0 |      18 |       6 |  25.0
     Lair:1 |    8623 |       0 |   0.0 |      28 |       0 |   0.0
     Lair:2 |   10750 |    3210 |  23.0 |      21 |      13 |  38.2
     Lair:3 |    8453 |    2996 |  26.2 |      36 |       7 |  16.3
     Lair:4 |    5175 |    1625 |  23.9 |      18 |       7 |  28.0
     Lair:5 |   10651 |    9286 |  46.6 |      36 |      34 |  48.6
   Shoals:1 |   21563 |       0 |   0.0 |      40 |       0 |   0.0
   Shoals:2 |    1095 |    4699 |  81.1 |       2 |       5 |  71.4
      Orc:1 |    3730 |       0 |   0.0 |      38 |       0 |   0.0
      Orc:2 |     859 |   11896 |  93.3 |       9 |      61 |  87.1
    Ossuary |       0 |     242 | 100.0 |       0 |      27 | 100.0
            +---------+---------+-------+---------+---------+-------
